Map: Dusty Gorge

Players

chinkysmiles - Winner!

  • Race: Protoss Protoss
  • Spawn Location: 11:00

RayByDuhBay - Winner!

  • Race: Zerg Zerg
  • League: Diamond
  • Spawn Location: 9:00

Cthulhu

  • Race: Zerg Zerg
  • Spawn Location: 5:00

Throwfordays

  • Race: Protoss Protoss
  • League: Silver
  • Spawn Location: 3:00

VOD

Have the link to the VOD?

Description

Time

  • Played on: Feb. 26, 2019, 11:38 p.m.
  • Length: 6:19
Show
View Real Time Build Order
Export as new Build Order

chinkysmiles Protoss - Winner!

Build Orders:  

Get SALT Encoding   

  12  0:01  Probe  
  13  0:13  Probe  
  14  0:25  Probe  
  15  0:28  Pylon  
  15  0:35  Assimilator  
  15  0:47  Gateway  
  15  0:51  Probe  
  16  1:00  Probe  
  16  1:01  Pylon  
  17  1:08  Probe  
  17  1:17  Probe  
  18  1:21  Assimilator  
  19  1:29  Probe  
  20  1:35  Cybernetics Core  
  20  1:41  Probe  
  21  1:53  Probe  
  22  2:11  Stalker  
  24  2:17  Stargate  
  24  2:24  Warp Gate  
  24  2:30  Nexus  
  24  2:45  Stalker  
  24  2:50  Void Ray  
  30  3:20  Assimilator, Pylon  
  30  3:38  Void Ray  
  34  3:42  Probe x2  
  36  3:50  Probe  
  36  3:54  Probe  
  38  4:00  Probe  
  39  4:07  Assimilator, Probe  
  39  4:12  Probe  
  39  4:15  Probe  
  41  4:18  Pylon  
  40  4:25  Void Ray, Probe  
  41  4:37  Probe  
  46  4:45  Probe  
  46  4:50  Probe  
  48  4:53  Probe  
  48  4:57  Stargate  
  49  5:02  Probe  
  49  5:04  Void Ray  
  50  5:14  Probe  
  55  5:26  Probe  
  56  5:34  Probe  
  57  5:38  Probe  
  62  5:47  Pylon  
  62  6:00  Pylon  
  62  6:05  Probe x2  
Show
View Real Time Build Order
Export as new Build Order

RayByDuhBay Zerg - Winner!

Build Orders: Pool First 

Get SALT Encoding   

  12  0:08  Extractor  
  11  0:22  Spawning Pool  
  11  0:27  Drone  
  11  0:33  Drone  
  12  0:38  Drone  
  13  0:47  Drone  
  14  0:58  Overlord  
  14  1:16  Queen  
  16  1:31  Metabolic Boost  
  16  1:33  Zergling x6  
  19  1:53  Drone  
  20  2:12  Overlord  
  20  2:14  Hatchery  
  19  2:19  Zergling x4  
  21  2:25  Zergling x2  
  22  2:31  Zergling x4  
  22  2:36  Zergling x2  
  25  2:47  Zergling x2  
  26  2:55  Zergling x2  
  27  3:07  Zergling x2  
  27  3:08  Zergling x2  
  27  3:09  Zergling x2  
  28  3:18  Zergling x2  
  25  3:21  Queen  
  25  3:30  Zergling x4  
  25  3:32  Queen  
  29  3:37  Zergling x2  
  30  3:42  Zergling x2  
  28  3:51  Zergling x8  
  28  3:53  Zergling x2  
  32  3:59  Zergling x2  
  33  4:04  Zergling x2  
  31  4:19  Zergling x4  
  31  4:20  Zergling x2  
  31  4:23  Zergling x2  
  35  4:34  Zergling x2  
  32  4:43  Zergling x4  
  32  4:44  Zergling x8  
  35  4:48  Zergling x2  
  33  5:01  Zergling x6  
  33  5:04  Zergling x2  
  35  5:13  Zergling x4  
  35  5:14  Zergling x2  
  35  5:20  Zergling x2  
  35  5:21  Zergling x2  
  34  5:37  Zergling x2  
  35  5:43  Overlord  
  35  5:50  Overlord  
Show
View Real Time Build Order
Export as new Build Order

Cthulhu Zerg 

Build Orders: Hatch First 

Get SALT Encoding   

  12  0:01  Drone  
  13  0:11  Drone  
  14  0:16  Extractor, Drone  
  15  0:23  Overlord  
  15  0:51  Hatchery  
  15  0:52  Drone  
  15  0:56  Drone  
  16  1:14  Drone  
  16  1:15  Drone x2  
  19  1:19  Extractor  
  19  1:25  Spawning Pool  
  17  1:28  Drone  
  18  1:39  Extractor  
  17  1:40  Drone  
  18  1:52  Drone  
  19  2:11  Drone x3  
  19  2:15  Lair  
  22  2:17  Queen  
  22  2:20  Drone  
  26  2:22  Drone  
  26  2:38  Spine Crawler  
  26  2:43  Spine Crawler  
  24  2:45  Drone  
  24  2:57  Zergling x2  
  20  3:16  Zergling x2  
  20  3:17  Zergling x4  
  21  3:21  Zergling x2  
  21  3:37  Metabolic Boost  
  17  3:50  Zergling x2  
  17  3:51  Zergling x8  
  14  4:14  Drone x2  
  10  4:40  Zergling x2  
  10  4:41  Zergling x2, Drone x2  
  10  4:43  Drone  
  9  5:09  Drone x2  
  9  5:36  Spine Crawler  
  9  5:39  Spine Crawler  
Show
View Real Time Build Order
Export as new Build Order

Throwfordays Protoss 

Build Orders: Nexus First 

Get SALT Encoding   

  12  0:01  Probe  
  13  0:13  Probe  
  14  0:18  Pylon  
  14  0:25  Probe  
  15  0:37  Probe  
  16  1:00  Probe  
  16  1:03  Nexus  
  17  1:11  Pylon  
  17  1:26  Assimilator  
  17  1:32  Gateway  
  17  1:40  Gateway  
  17  1:48  Forge  
  17  1:51  Probe  
  18  2:03  Assimilator, Probe  
  19  2:16  Probe  
  19  2:19  Cybernetics Core  
  20  2:28  Photon Cannon  
  20  2:36  Zealot  
  20  2:37  Photon Cannon  
  20  2:40  Zealot  
  24  2:52  Probe  
  25  3:00  Probe  
  26  3:08  Probe  
  27  3:15  Zealot  
  27  3:16  Zealot  
  27  3:19  Probe  
  32  3:31  Probe  
  33  3:43  Probe  
  33  3:45  Warp Gate  
  34  3:48  Probe  
  34  3:54  Zealot x2  
  34  3:55  Probe  
  39  4:07  Probe  
  40  4:19  Probe  
  40  4:21  Zealot x2  
  41  4:48  Zealot x2  
  39  5:17  Gateway  
  39  5:19  Gateway  
  37  5:22  Gateway  
  37  5:25  Forge  
  33  5:37  Probe  
  33  5:40  Pylon  
  34  5:45  Pylon  
  34  5:48  Zealot x2  
  34  5:49  Pylon, Probe  
  39  6:01  Probe  
  40  6:10  Zealot x2  
  36  6:13  Photon Cannon  
Tags
 
Add a new tag
Caveats
  • Supply blocks, unpowered buildings, or Contaminate may cause inaccurate times.
  • Supply counts are checked every 10 seconds.